 Dungeon Crawl Stone Soup version 0.29.1-15-g9cfb28693d (webtiles) character file.

Game seed: 2413154080163697894

323 Brozuf the Cudgeller (level 6, 0/39 HPs)
             Began as a Gargoyle Fighter on Mar 15, 2023.
             Was an Initiate of Okawaru.
             Killed from afar by Ijyb (3 damage)
             ... with a bolt of dispelling energy
             ... on level 4 of the Dungeon.
             The game lasted 00:11:29 (4716 turns).

Brozuf the Cudgeller (Gargoyle Fighter)             Turns: 4716, Time: 00:11:30

Health: 0/39       AC: 16    Str: 28    XL:     6   Next: 47%
Magic:  6/6        EV: 10    Int: 11    God:    Okawaru [......]
Gold:   237        SH:  5    Dex: 15    Spells: 5/5 levels left

rFire   . . .      SeeInvis .   a - +1 flail
rCold   + . .      Faith    .   c - +0 buckler
rNeg    + . .      Spirit   .   l - +1 ring mail "Azasogh" {Will+ Int+3 Dex+6}
rPois   ∞          Reflect  .   q - +0 hat of the Three Persimmons {Will++}
rElec   +          Harm     .   j - +2 cloak
rCorr   .          Rampage  .   n - +1 pair of gloves
Will    +++..                   (no boots)
Stlth   +.........              v - amulet of the acrobat
HPRegen 0.13/turn               f - +6 ring of strength
MPRegen 0.10/turn               o - ring of protection from cold

@: no status effects
A: sickness immunity, AC +4, negative energy resistance 1, electricity
resistance, torment resistance 1, petrification resistance
a: Renounce Religion


You were on level 4 of the Dungeon.
You worshipped Okawaru.
Okawaru was noncommittal.
You visited 1 branch of the dungeon, and saw 5 of its levels.

You collected 237 gold pieces.

Inventory:

Hand Weapons
 a - a +1 flail (weapon)
Armour
 c - a +0 buckler (worn)
 j - a +2 cloak (worn)
   (You found it on level 1 of the Dungeon)
 l - the +1 ring mail "Azasogh" (worn) {Will+ Int+3 Dex+6}
   (You found it on level 2 of the Dungeon)

   Int:       It affects your intelligence (+3).
   Dex:       It affects your dexterity (+6).
   Will:      It increases your willpower.
 n - a +1 pair of gloves (worn)
   (You found it on level 2 of the Dungeon)
 q - the +0 hat of the Three Persimmons (worn) {Will++}
   (You found it on level 2 of the Dungeon)

   Will:      It greatly increases your willpower.
 r - a +0 chain mail
   (You found it on level 2 of the Dungeon)
Jewellery
 f - a +6 ring of strength (left hand)
   (You found it on level 1 of the Dungeon)
 o - a ring of protection from cold (right hand)
   (You found it on level 1 of the Dungeon)
 v - an amulet of the acrobat (around neck)
   (You found it on level 5 of the Dungeon)
Scrolls
 b - a scroll of immolation {!r}
 h - 2 scrolls of amnesia
 k - a scroll of silence {unknown}
 w - a scroll of fog
Potions
 d - 2 potions of might
 e - a potion of curing {unknown}
 g - a potion of attraction {!q}
 i - a potion of berserk rage {unknown}
 m - a potion of haste {@q3}
 p - 5 potions of resistance
 s - a potion of magic {unknown}
 t - a potion of lignification {!q}
 u - a potion of brilliance {unknown}


   Skills:
 + Level 4.7 Fighting
 * Level 4.7 Maces & Flails
 + Level 4.4 Armour
 - Level 4.0 Shields


You had 5 spell levels left.
You didn't know any spells.
Your spell library contained the following spells:

 Spells                   Type           Power      Damage    Failure   Level
 Magic Dart               Conj           0%         1d3       54%         1
 Poisonous Vapours        Pois/Air       0%         N/A       69%         2
 Mephitic Cloud           Conj/Pois/Air  0%         N/A       89%         3
 Corpse Rot               Necr/Pois/Air  0%         N/A       100%        4
 Call Imp                 Summ           Unusable   N/A       N/A         2

Dungeon Overview and Level Annotations

Branches:
Dungeon (5/15)
 Temple: D:4-7

Altars:
Kikubaaqudgha
Okawaru

Annotations:
D:4 Ijyb


Innate Abilities, Weirdness & Mutations

You are immune to sickness and miasma.
Your stone body is resilient. (AC +4)
You are immune to poison.
You resist negative energy. (rN+)
You are resistant to electric shocks. (rElec)
You are resistant to unholy torment.
You are immune to petrification.


Message History

You see here a +0 falchion.
Found a lumpy blue potion.
s - a lumpy blue potion
Found a scroll of fog.
Found a stone staircase leading up.
Found a tiny bone amulet.
v - an amulet of the acrobat
w - a scroll of fog
There is a stone staircase leading up here.
You start putting on your amulet.
You continue putting on your amulet of the acrobat. x5
You finish putting on your amulet of the acrobat.
You feel ready to tumble and roll out of harm's way.
v - an amulet of the acrobat (around neck)
Found 2 potions of resistance.
Found 12 gold pieces.
p - 5 potions of resistance (gained 2)
You now have 237 gold pieces (gained 12).
Found an escape hatch in the ceiling.
Ijyb shouts!
You start waiting.
Ijyb is nearby!
Ijyb screams, "Me kill you!" Ijyb closely misses you.
You barely miss Ijyb.
Ijyb zaps a wand.
The bolt of dispelling energy hits you!
There is an escape hatch in the ceiling here.
Really go through this one-way escape hatch?
You block Ijyb's attack. A mysterious force pulls you upwards.
The hatch slams shut behind you.
You thump Ijyb! Ijyb completely misses you. Ijyb hits you but does no damage.
You sock Ijyb!
Ijyb zaps a wand.
The bolt of dispelling energy hits you!
* * * LOW HITPOINT WARNING * * *
Unknown command.
You barely miss Ijyb.
Ijyb zaps a wand.
The bolt of dispelling energy hits you.
* * * LOW HITPOINT WARNING * * *
Unknown command.
Unknown command.
You closely miss Ijyb. Ijyb hits you but does no damage.
You barely miss Ijyb. Ijyb closely misses you.
Unknown command.
Unknown command.
You hit Ijyb but do no damage.
Ijyb zaps a wand.
The bolt of dispelling energy hits you.
You die...

#.........#..##
.............>#
.........###..###
..........###...######
..........####...##..###
........##.####...#....#
.................#...###
...........<..[g.#....#
................@###..##
####.............####..#
.#.#..............###..#
.#.#...........#..#...##
.#.###.........#......#
##....†..[..#####....##
##..........# #...##
.#.###......## #####
.#.#.........##


You could see Ijyb.

Vanquished Creatures
  A necrophage (D:5)
  2 hounds
  3 adders
  7 gnolls (D:2)
  A shadow imp (D:5)
  5 worms
  2 dart slugs (D:2)
  3 orcs
  6 ball pythons
  5 endoplasms
  4 giant cockroaches
  6 goblins
  8 hobgoblins
  3 jackals (D:1)
  3 quokkas
  2 training dummies (D:4)
  12 bats
  4 kobolds
  9 rats
86 creatures vanquished.

Notes
Turn   | Place    | Note
-------+----------+-------------------------------------------
     0 | D:1      | Brozuf the Gargoyle Fighter began the quest for the Orb.
     0 | D:1      | Reached XP level 1. HP: 14/14 MP: 1/1
   177 | D:1      | Reached XP level 2. HP: 16/19 MP: 2/2
   610 | D:1      | Found a faded altar of an unknown god.
   780 | D:1      | Reached XP level 3. HP: 20/23 MP: 3/3
  1335 | D:2      | Identified the +1 ring mail "Azasogh" {Will+ Int+3 Dex+6}
  1706 | D:2      | Reached XP level 4. HP: 29/29 MP: 4/4
  1836 | D:2      | Reached XP level 5. HP: 17/33 MP: 5/5
  2171 | D:2      | Identified the +0 hat of the Three Persimmons {Will++}
  2712 | D:3      | Found an iron altar of Okawaru.
  2718 | D:3      | Became a worshipper of Warmaster Okawaru
  2719 | D:3      | Identified the +6 spear of the Equinox {freeze, rPois rF-
                  | Int-3 SInv}
  3801 | D:4      | Found an ancient bone altar of Kikubaaqudgha.
  4304 | D:5      | Entered Level 5 of the Dungeon
  4348 | D:5      | Reached XP level 6. HP: 39/39 MP: 6/6
  4376 | D:5      | Noticed Ijyb
  4716 | D:4      | Killed from afar by Ijyb

Illustrated notes

Levels and vault maps discovered:
D:1:      minmay_arrival_semitransparent, layout_loops_ring,
          dreamdust_ecumenical_altar_sealed_demon
D:2:      layout_basic
D:3:      layout_basic, okawaru_ov_weapons_minmay, st_stairs_9,
          chequers_serial_rivers_large_a
D:4:      dreamdust_elfheim, layout_cave_pools,
          nicolae_kikubaaqudgha_miasma_corner, bh_walls_and_bars
D:5:      layout_loops_ring, serial_co_window_serial, co_window_corner_a,
          co_window_paths_a, co_window_paths_a, co_window_paths_b,
          co_window_paths_b, co_window_corner_a, co_window_corner_b,
          co_window_2corner, co_window_2corner, co_window_paths_e,
          glass_columns_a, glass_columns_b, grunt_ministairs_12, uniq_ijyb

Skill      XL: |  1  2  3  4  5 |
---------------+----------------+-----
Shields        | 4 |  4.0
Maces & Flails | 3 4 |  4.7
Fighting       | 4 |  4.7
Armour         | 4 |  4.4

Action                   |  1- 3 |  4- 6 || total
-------------------------+-------+-------++-------
Melee: Flail             |   125 |   132 ||   257
  Use: Scroll            |       |    13 ||    13
Armor: Scale mail        |    57 |       ||    57
       Ring mail         |    11 |    51 ||    62
Dodge: Dodged            |    63 |    60 ||   123
Block: Buckler           |    29 |    30 ||    59
